 Dungeon Crawl Stone Soup version 0.30-a0-165-g1891117ce2 (webtiles) character file.

Game seed: 11084483505689635907

29 greasedhog the Cudgeller (level 3, -1/17 (23) HPs)
             Began as a Gargoyle Reaver on Sept 28, 2022.
             Slain by a gnoll
             ... wielding a +0 halberd
              (10 damage)
             ... on level 2 of the Dungeon.
             The game lasted 00:02:22 (1463 turns).

greasedhog the Cudgeller (Gargoyle Reaver)          Turns: 1463, Time: 00:02:23

HP:   -1/17 (23)    AC:  9    Str: 17    XL:     3   Next: 16%
MP:   6/6           EV:  9    Int: 13    God:
Gold: 74            SH:  0    Dex:  8    Spells: 5/6 levels left

rFire   . . .      SeeInvis .    b - +0 flail
rCold   . . .      Faith    .    (no shield)
rNeg    + . .      Spirit   .    f - +0 scale mail
rPois   ∞          Reflect  .    (no helmet)
rElec   +          Harm     .    (no cloak)
rCorr   .          Rampage  .    (no gloves)
Will    .....                    (no boots)
Stlth   ..........               (no amulet)
HPRegen 0.05/turn                d - ring of flight
MPRegen 0.10/turn                (no ring)

@: flying, very heavily drained
A: sickness immunity, AC +3, negative energy resistance 1, electricity
resistance, torment resistance 1, petrification resistance
a: no special abilities


You were on level 2 of the Dungeon.
You visited 1 branch of the dungeon, and saw 2 of its levels.

You collected 74 gold pieces.

Inventory:

Hand Weapons
 b - a +0 flail (weapon)
Armour
 f - a +0 scale mail (worn)
Jewellery
 d - a ring of flight (left hand)
Scrolls
 i - a scroll of vulnerability
 j - a scroll of fog
Potions
 c - a potion of resistance
 e - a potion of might {unknown}
 g - a potion of heal wounds {unknown}
 h - a potion of curing {unknown}


   Skills:
 * Level 3.1 Fighting
 * Level 3.6 Maces & Flails
 - Level 1.6 Dodging
 - Level 2.0 Spellcasting
 - Level 3.3 Conjurations


You had 5 spell levels left.
You knew the following spells:

 Your Spells              Type           Power      Damage    Failure   Level
a - Kiss of Death         Conj/Necr      20%        2d7       43%         1

Your spell library contained the following spells:

 Spells                   Type           Power      Damage    Failure   Level
 Momentum Strike          Conj/Tloc      10%        3d8       58%         2
 Hailstorm                Conj/Ice       5%         3d4       82%         3


Dungeon Overview and Level Annotations

Branches:
Dungeon (2/15)

Altars:


Innate Abilities, Weirdness & Mutations

You are immune to sickness and miasma.
Your stone body is resilient. (AC +3)
You are immune to poison.
You resist negative energy. (rN+)
You are resistant to electric shocks. (rElec)
You are resistant to unholy torment.
You are immune to petrification.


Message History

The adder bites you but does no damage.
You are too injured to fight recklessly!
Casting: Kiss of Death (safe; 50% risk of failure)
Confirm with . or Enter, or press ? or * to list all spells.
Aiming: Kiss of Death (safe; 50% risk of failure)
Press: ? - help, Shift-Dir - straight line, f - adder
Aim: an adder (lightly wounded, 100% to hit)
The negative energy hits the adder.
The adder is drained!
The adder is almost dead.
You feel drained. The adder closely misses you.
You hit the adder.
You kill the adder!
The giant cockroach barely misses you.
Your Fighting skill increases to level 3!
You have reached level 3!
Your experience leads to an increase in your attributes!
Increase (S)trength, (I)ntelligence, or (D)exterity?
You feel stronger. x2
You thump the giant cockroach!
You kill the giant cockroach!
You start resting.
Magic restored.
You start resting.
HP restored.
You see here an adder skeleton.
There is a stone staircase leading down here.
You fly downwards.
There is a stone staircase leading up here.
The gnoll shouts!
You hear a shout!
Casting: Kiss of Death (safe; 43% risk of failure)
Confirm with . or Enter, or press ? or * to list all spells.
You can't see any susceptible monsters within range! (Use Z to cast anyway.) Unknown command.
The gnoll shouts!
The gnoll hits you from afar with a +0 halberd.
There is a stone staircase leading up here.
The gnoll hits you from afar with a +0 halberd.
The gnoll hits you from afar with a +0 halberd!
Ouch! That really hurt!
You die...

#.###.## #.#....#
..#.#..########
#..#...gggg...#
gg###.#######.####
#..#.## #..g...###
#.#.## #........#
..#######
#..g##g#.#
###...!..
#..gg.@#.#


ggg...... #..##..#.# ##.g..... #........# # (...... #......### # #......
#####.## . ...... #.# #. ...... ..# #.# ##### .## # # You could see 4 gnolls.

Vanquished Creatures
  An adder (D:1)
  A dart slug (D:1)
  2 endoplasms (D:1)
  A giant cockroach (D:1)
  A goblin (D:1)
  3 hobgoblins (D:1)
  2 kobolds (D:1)
  4 bats (D:1)
  A frilled lizard (D:1)
  A rat (D:1)
17 creatures vanquished.

Notes
Turn   | Place    | Note
-------+----------+-------------------------------------------
     0 | D:1      | greasedhog the Gargoyle Reaver began the quest for the Orb.
     0 | D:1      | Reached XP level 1. HP: 12/12 MP: 3/3
   311 | D:1      | Found a faded altar of an unknown god.
   537 | D:1      | Reached XP level 2. HP: 17/17 MP: 5/5
  1124 | D:1      | Reached XP level 3. HP: 3/17 MP: 4/6
  1463 | D:2      | Slain by a gnoll

Illustrated notes

Levels and vault maps discovered:
D:1:      dpeg_arrival_court, layout_loops_ring,
          dreamdust_ecumenical_altar_statues
D:2:      layout_loops_cross

Skill      XL: |  1  2 |
---------------+-------+-----
Fighting       | 3 |  3.1
Maces & Flails | |  3.6
Dodging        | |  1.6
Spellcasting   | |  2.0
Conjurations   | |  3.3

Action                   || total
-------------------------++-------
Melee: Mace              ||    11
       Flail             ||    29
 Cast: Kiss of Death     ||     3
  Use: Scroll            ||     3
Armor: Scale mail        ||    30
       Leather armour    ||     2
Dodge: Dodged            ||    33

Table legend: (Time is in decaauts)
 A = Elapsed time spent in this place.
 B = Non-inter-level travel time spent in this place.
 C = Inter-level travel time spent in this place.
 D = Time resting spent in this place.
 E = Time spent auto-exploring this place.
 F = Levels seen in this place.
 G = Mean time per level.
                   A        B        C        D        E       F      G
               +--------+--------+--------+--------+--------+-----+--------+
         Total |   1472 |   1443 |     29 |    442 |    789 |   2 |  736.0 |
       Dungeon |   1472 |   1443 |     29 |    442 |    789 |   2 |  736.0 |
               +--------+--------+--------+--------+--------+-----+--------+

Top non-repeatable levels by time:
     D:1: 1405 daAuts
     D:2: 66 daAuts
